 Dungeon Sprint DCSS version 0.22-a0-542-gce4f928 (webtiles) character file.

224 raistware the Unseen (level 7, -4/33 HPs)
             Began as a Spriggan Assassin on June 24, 2018.
             Was a High Priest of Dithmenos.
             Slain by a vampire mosquito (11 damage)
             ... in the Dungeon (Sprint VI: "Thunderdome").
             The game lasted 00:13:41 (1027 turns).

raistware the Unseen (Spriggan Assassin)            Turns: 1027, Time: 00:13:42

Health: -4/33      AC:  4    Str: 10    XL:     7   Next: 85%
Magic:  8/8        EV: 30    Int: 13    God:    Dithmenos [*****.]
Gold:   365        SH:  4    Dex: 27    Spells: 6/6 levels left

rFire    . . .     SeeInvis +   a - +2 dagger
rCold    + + .     Gourm    .   (shield restricted)
rNeg     . . .     Faith    .   l - +1 robe {rC+}
rPois    +         Spirit   .   (helmet restricted)
rElec    +         Reflect  +   d - +0 cloak
rCorr    .         Harm     .   (gloves unavailable)
MR       +....     NoTele   +   (boots unavailable)
Stlth    ++++++++++             r - amulet "Hifet" {Reflect -Tele rElec rPois Dex+8 SH+4}
HPRegen  0.11/turn              (no ring)
MPRegen  0.11/turn              t - ring "Gidofri" {rC+ Str+3}

@: wreathed by umbra, very quick
A: very small, unfitting armour, see invisible, herbivore, speed 3, slow
metabolism 2
a: Shadow Step, Shadow Form, Renounce Religion


You were in the Dungeon.
You worshipped Dithmenos.
Dithmenos was extremely pleased with you.
You were not hungry.

You visited 1 branch You collected 500 gold pieces.
You spent 135 gold pieces at shops.

Inventory:

Hand Weapons
 a - a +2 dagger (weapon)
 b - a +0 blowgun
 c - a +0 short sword
Missiles
 e - 7 poisoned needles
 f - 2 curare-tipped needles
Armour
 d - a +0 cloak (worn)
 l - a +1 robe of cold resistance (worn)
Jewellery
 r - the amulet "Hifet" (around neck) {Reflect -Tele rElec rPois Dex+8 SH+4}
   (You bought it in a shop in the Dungeon)

   [amulet of reflection]

   It shields you and reflects attacks.
   It affects your dexterity (+8).
   It insulates you from electricity.
   It protects you from poison.
   It prevents most forms of teleportation.
   It affects your SH (+4).
 t - the ring "Gidofri" (right hand) {rC+ Str+3}
   (You bought it in a shop in the Dungeon)

   [ring of protection from cold]

   It affects your strength (+3).
   It protects you from cold.
Wands
 o - a wand of iceblast (13)
Scrolls
 m - 4 scrolls of blinking
 p - 3 scrolls of fog
Potions
 h - a potion of curing
 i - a potion of heal wounds
 j - 2 potions of haste
 k - 2 potions of magic
 q - a potion of resistance
Comestibles
 g - a ration


   Skills:
 - Level 1.5 Fighting
 + Level 10.5 Short Blades
 - Level 5.5 Throwing
 + Level 10.3 Dodging
 * Level 17.1 Stealth


You had 6 spell levels left.
You didn't know any spells.
Your spell library was empty.

Dungeon Overview and Level Annotations

Branches:
Dungeon (1/1)

Altars:
Cheibriados
Dithmenos
Fedhas
Gozag
Kikubaaqudgha
Makhleb
Okawaru
Qazlal
Ru
Sif Muna
Trog
Uskayaw
Vehumet
Wu Jian
Xom
Yredelemnul
Zin
The Shining One
Beogh
Jiyva
Lugonu

Shops:
D *[%??*?*:[((!!!!

Annotations:
D Lernaean hydra


Innate Abilities, Weirdness & Mutations

You are very small and have problems with some larger weapons.
You are too small for most types of armour.
You have supernaturally acute eyesight. (SInv)
You are a herbivore.
You cover ground extremely quickly.
You need to consume almost no food.


Message History

The vampire mosquito completely misses you.
You hit the vampire mosquito.
The vampire mosquito is lightly damaged.
The vampire mosquito completely misses you.
The vampire mosquito completely misses you.
Evoke which item? (* to show all) (? for menu, Esc to quit)
Okay, then.
The vampire mosquito barely misses you.
You hit the vampire mosquito.
The vampire mosquito is moderately damaged.
The vampire mosquito barely misses you.
You barely miss the vampire mosquito.
The vampire mosquito is moderately damaged.
The vampire mosquito barely misses you.
You hit the vampire mosquito.
The vampire mosquito is moderately damaged.
The vampire mosquito misses you.
You see here a stone.
The vampire mosquito bites you!
You die...

#∩.......∩# #_......._#
#_......._# #_.....(._#
###.........###
#⌠.).))....%.⌠#
######.8n........8.####
##∩___.....(###......___
###∩.....@y.8.# #.8.......
##.).......((..###.........
#⌠.........(###...###......
#⌠..........# #.<.# #..D...
#⌠........(.###)..###......
##.............###.........
###∩........8.# #.8.......
##∩_._......###......_._
######.8.........8.####


You could see a bog body and a vampire mosquito.

Vanquished Creatures
  Pikel (D)
  A guardian mummy (D)
  A big kobold (D)
  A crimson imp (D)
  A quasit (D)
  An iron imp (D)
  6 mummies (D)
  A shadow imp (D)
  2 goblins (D)
  2 hobgoblins (D)
  6 kobolds (D)
23 creatures vanquished.

Notes
Turn   | Place    | Note
-------+----------+-------------------------------------------
     0 | D        | raistware the Spriggan Assassin began the quest for the Orb.
     0 | D        | Reached XP level 1. HP: 10/10 MP: 2/2
     1 | D        | Found a roughly hewn altar of Beogh.
     1 | D        | Found a snail-covered altar of Cheibriados.
     2 | D        | Found an iron altar of Okawaru.
     2 | D        | Found a radiant altar of Vehumet.
     3 | D        | Found an ornate altar of the Wu Jian Council.
     3 | D        | Found a blossoming altar of Fedhas.
     4 | D        | Found Naw Yfud's Delicious Food.
     4 | D        | Found a basalt altar of Yredelemnul.
     4 | D        | Found Vaf Taonu's Identification Station.
     5 | D        | Found Ynilem Uboe's Jewellery.
     5 | D        | Found Bagugg's Advanced Armour.
     9 | D        | Round 1.
    13 | D        | Bought a coiled copper amulet for 45 gold pieces
    13 | D        | Bought a flickering tin ring for 45 gold pieces
    13 | D        | Bought a warped lead ring for 45 gold pieces
    13 | D        | Identified the amulet "Hifet" {Reflect -Tele rElec rPois Dex+8 SH+4} (You bought it in a shop in the Dungeon)
    14 | D        | Identified the ring "Puixup" {rPois Str+4 Stlth-} (You bought it in a shop in the Dungeon)
    15 | D        | Identified the ring "Gidofri" {rC+ Str+3} (You bought it in a shop in the Dungeon)
    25 | D        | Noticed a quasit
    28 | D        | Became a worshipper of Yredelemnul the Dark
    29 | D        | Killed a quasit
    29 | D        | Reached skill level 9 in Stealth
    29 | D        | Reached XP level 2. HP: 14/14 MP: 3/3
    29 | D        | Reached XP level 3. HP: 18/18 MP: 4/4
    31 | D        | Found a deep blue altar of Sif Muna.
    36 | D        | Found a shimmering altar of Xom.
    37 | D        | Found a shadowy altar of Dithmenos.
    37 | D        | Found a glowing golden altar of the Shining One.
    37 | D        | Found a burning altar of Makhleb.
    37 | D        | Found Durob's Magic Scroll Shop.
    37 | D        | Found Cytoleir's Staff Store.
    38 | D        | Found Ewiz's Magic Scroll Shop.
    38 | D        | Found Luvvul's Must-Have Magic.
    56 | D        | Found an ancient bone altar of Kikubaaqudgha.
    58 | D        | Found a corrupted altar of Lugonu.
    58 | D        | Found a hide-covered altar of Uskayaw.
    58 | D        | Found Icerud's Distillery.
    58 | D        | Found Vaudaq's Distillery.
    59 | D        | Found Edesitz's Bottled Wisdom.
    60 | D        | Found a stormy altar of Qazlal.
    60 | D        | Found a bloodstained altar of Trog.
    60 | D        | Found Beus's Do-It-Yourself Clinic.
    79 | D        | Reached * piety under Yredelemnul
    79 | D        | Reached skill level 10 in Stealth
    95 | D        | Found a viscous altar of Jiyva.
    97 | D        | Found a glowing silver altar of Zin.
    97 | D        | Found a sacrificial altar of Ru.
    97 | D        | Found Qyipaung's Weapon Rack.
    97 | D        | Found Imitzeq's Basic Armour.
    98 | D        | Found Zyuheku's Miscellaneous Merchandise.
   103 | D        | Found Ubeaxyl's Premium Goods.
   103 | D        | Found an opulent altar of Gozag.
   154 | D        | Reached skill level 5 in Short Blades
   154 | D        | Reached skill level 11 in Stealth
   154 | D        | Reached XP level 4. HP: 22/22 MP: 5/5
   159 | D        | Fell from the grace of Yredelemnul
   159 | D        | Became a worshipper of Dithmenos the Shadowed
   219 | D        | Arena points: 5 (+5) [x1]
   243 | D        | Round 2.
   313 | D        | Reached * piety under Dithmenos
   409 | D        | Noticed Pikel
   421 | D        | HP: 1/31 [Pikel/whip of flaming (5)]
   429 | D        | Noticed a big kobold
   454 | D        | Killed Pikel
   454 | D        | Reached skill level 16 in Stealth
   454 | D        | Reached XP level 5. HP: 19/25 MP: 6/6
   454 | D        | Reached XP level 6. HP: 22/30 MP: 7/7
   454 | D        | Reached XP level 7. HP: 25/33 MP: 8/8
   461 | D        | Reached ** piety under Dithmenos
   461 | D        | Reached skill level 10 in Dodging
   466 | D        | Arena points: 33 (+28) [x2]
   536 | D        | Round 3.
   585 | D        | Reached *** piety under Dithmenos
   630 | D        | Arena points: 96 (+63) [x3]
   706 | D        | Round 4.
   740 | D        | Noticed a guardian mummy
   815 | D        | Killed a guardian mummy
   815 | D        | Reached **** piety under Dithmenos
   815 | D        | Reached skill level 10 in Short Blades
   815 | D        | Reached skill level 5 in Throwing
   854 | D        | Reached skill level 17 in Stealth
   880 | D        | Reached ***** piety under Dithmenos
   895 | D        | Noticed a vampire
   898 | D        | Arena points: 224 (+128) [x4]
   956 | D        | Round 5.
   967 | D        | Noticed the 27-headed Lernaean hydra
  1006 | D        | Noticed a vampire mosquito
  1012 | D        | Noticed a bog body
  1027 | D        | Slain by a vampire mosquito

Vault maps used:
D:        arena_sprint

Skill      XL: |  1  2  3  4  5  6  7 |
---------------+----------------------+-----
Short Blades   | 4 5 8 10 | 10.5
Stealth        | 9 11 16 17 | 17.1
Dodging        | 4 9 10 | 10.3
Throwing       | 3 5 |  5.5
Fighting       | |  1.5

Action                   |  1- 3 |  4- 6 |  7- 9 || total
-------------------------+-------+-------+-------++-------
Melee: Dagger            |    34 |    39 |   163 ||   236
 Fire: Blowgun           |       |       |    12 ||    12
Evoke: Wand              |     2 |     1 |     2 ||     5
  Use: Potion            |     1 |     3 |     2 ||     6
Armor: Robe              |     1 |     1 |     1 ||     3
Dodge: Dodged            |    18 |    16 |    48 ||    82
Block: Other             |     2 |     4 |     8 ||    14

Table legend:
 A = Spawn XP
 B = Non-spawn XP
 C = Spawn XP percentage of total XP
 D = Spawn monster count
 E = Non-spawn monster count
 F = Spawn count percentage of total count
 G = Total turns spent on level
                    A         B        C        D         E        F      G
               +---------+---------+-------+---------+---------+-------+---------
         Total |       0 |    1326 |   0.0 |       0 |      23 |   0.0 |  1027
               +---------+---------+-------+---------+---------+-------+---------
             D |       0 |    1326 |   0.0 |       0 |      23 |   0.0 |  1027
               +---------+---------+-------+---------+---------+-------+---------
